%YAML 1.1
%TAG !u! tag:unity3d.com,2011:
--- !u!1 &3180381694625779110
GameObject:
  m_ObjectHideFlags: 0
  m_CorrespondingSourceObject: {fileID: 0}
  m_PrefabInstance: {fileID: 0}
  m_PrefabAsset: {fileID: 0}
  serializedVersion: 6
  m_Component:
  - component: {fileID: 3180381694625779108}
  - component: {fileID: 3180381694625779109}
  - component: {fileID: 3180381694625779115}
  m_Layer: 0
  m_Name: Directional Light
  m_TagString: Untagged
  m_Icon: {fileID: 0}
  m_NavMeshLayer: 0
  m_StaticEditorFlags: 0
  m_IsActive: 1
--- !u!4 &3180381694625779108
Transform:
  m_ObjectHideFlags: 0
  m_CorrespondingSourceObject: {fileID: 0}
  m_PrefabInstance: {fileID: 0}
  m_PrefabAsset: {fileID: 0}
  m_GameObject: {fileID: 3180381694625779110}
  m_LocalRotation: {x: 0.40821788, y: -0.23456968, z: 0.10938163, w: 0.8754261}
  m_LocalPosition: {x: 4.092701, y: 10.19894, z: -3.0721786}
  m_LocalScale: {x: 1, y: 1, z: 1}
  m_ConstrainProportionsScale: 0
  m_Children: []
  m_Father: {fileID: 3180381696416986729}
  m_RootOrder: 3
  m_LocalEulerAnglesHint: {x: 50, y: -30, z: 0}
--- !u!108 &3180381694625779109
Light:
  m_ObjectHideFlags: 0
  m_CorrespondingSourceObject: {fileID: 0}
  m_PrefabInstance: {fileID: 0}
  m_PrefabAsset: {fileID: 0}
  m_GameObject: {fileID: 3180381694625779110}
  m_Enabled: 1
  serializedVersion: 10
  m_Type: 1
  m_Shape: 0
  m_Color: {r: 1, g: 0.95686275, b: 0.8392157, a: 1}
  m_Intensity: 1
  m_Range: 10
  m_SpotAngle: 30
  m_InnerSpotAngle: 21.80208
  m_CookieSize: 10
  m_Shadows:
    m_Type: 2
    m_Resolution: -1
    m_CustomResolution: -1
    m_Strength: 1
    m_Bias: 0.05
    m_NormalBias: 0.4
    m_NearPlane: 0.2
    m_CullingMatrixOverride:
      e00: 1
      e01: 0
      e02: 0
      e03: 0
      e10: 0
      e11: 1
      e12: 0
      e13: 0
      e20: 0
      e21: 0
      e22: 1
      e23: 0
      e30: 0
      e31: 0
      e32: 0
      e33: 1
    m_UseCullingMatrixOverride: 0
  m_Cookie: {fileID: 0}
  m_DrawHalo: 0
  m_Flare: {fileID: 0}
  m_RenderMode: 0
  m_CullingMask:
    serializedVersion: 2
    m_Bits: 4294967295
  m_RenderingLayerMask: 1
  m_Lightmapping: 4
  m_LightShadowCasterMode: 0
  m_AreaSize: {x: 1, y: 1}
  m_BounceIntensity: 1
  m_ColorTemperature: 6570
  m_UseColorTemperature: 0
  m_BoundingSphereOverride: {x: 0, y: 0, z: 0, w: 0}
  m_UseBoundingSphereOverride: 0
  m_UseViewFrustumForShadowCasterCull: 1
  m_ShadowRadius: 0
  m_ShadowAngle: 0
--- !u!114 &3180381694625779115
MonoBehaviour:
  m_ObjectHideFlags: 0
  m_CorrespondingSourceObject: {fileID: 0}
  m_PrefabInstance: {fileID: 0}
  m_PrefabAsset: {fileID: 0}
  m_GameObject: {fileID: 3180381694625779110}
  m_Enabled: 1
  m_EditorHideFlags: 0
  m_Script: {fileID: 11500000, guid: 474bcb49853aa07438625e644c072ee6, type: 3}
  m_Name: 
  m_EditorClassIdentifier: 
  m_Version: 1
  m_UsePipelineSettings: 1
  m_AdditionalLightsShadowResolutionTier: 2
  m_LightLayerMask: 1
  m_CustomShadowLayers: 0
  m_ShadowLayerMask: 1
  m_LightCookieSize: {x: 1, y: 1}
  m_LightCookieOffset: {x: 0, y: 0}
--- !u!1 &3180381694858903073
GameObject:
  m_ObjectHideFlags: 0
  m_CorrespondingSourceObject: {fileID: 0}
  m_PrefabInstance: {fileID: 0}
  m_PrefabAsset: {fileID: 0}
  serializedVersion: 6
  m_Component:
  - component: {fileID: 3180381694858903077}
  - component: {fileID: 3180381694858903078}
  - component: {fileID: 3180381694858903079}
  - component: {fileID: 3180381694858903072}
  m_Layer: 0
  m_Name: Cube
  m_TagString: Untagged
  m_Icon: {fileID: 0}
  m_NavMeshLayer: 0
  m_StaticEditorFlags: 0
  m_IsActive: 1
--- !u!4 &3180381694858903077
Transform:
  m_ObjectHideFlags: 0
  m_CorrespondingSourceObject: {fileID: 0}
  m_PrefabInstance: {fileID: 0}
  m_PrefabAsset: {fileID: 0}
  m_GameObject: {fileID: 3180381694858903073}
  m_LocalRotation: {x: -0, y: -0, z: -0, w: 1}
  m_LocalPosition: {x: 4.092701, y: 7.1989408, z: -3.0721786}
  m_LocalScale: {x: 10, y: 1, z: 10}
  m_ConstrainProportionsScale: 0
  m_Children: []
  m_Father: {fileID: 3180381696416986729}
  m_RootOrder: 5
  m_LocalEulerAnglesHint: {x: 0, y: 0, z: 0}
--- !u!33 &3180381694858903078
MeshFilter:
  m_ObjectHideFlags: 0
  m_CorrespondingSourceObject: {fileID: 0}
  m_PrefabInstance: {fileID: 0}
  m_PrefabAsset: {fileID: 0}
  m_GameObject: {fileID: 3180381694858903073}
  m_Mesh: {fileID: 10202, guid: 0000000000000000e000000000000000, type: 0}
--- !u!23 &3180381694858903079
MeshRenderer:
  m_ObjectHideFlags: 0
  m_CorrespondingSourceObject: {fileID: 0}
  m_PrefabInstance: {fileID: 0}
  m_PrefabAsset: {fileID: 0}
  m_GameObject: {fileID: 3180381694858903073}
  m_Enabled: 1
  m_CastShadows: 1
  m_ReceiveShadows: 1
  m_DynamicOccludee: 1
  m_StaticShadowCaster: 0
  m_MotionVectors: 1
  m_LightProbeUsage: 1
  m_ReflectionProbeUsage: 1
  m_RayTracingMode: 2
  m_RayTraceProcedural: 0
  m_RenderingLayerMask: 1
  m_RendererPriority: 0
  m_Materials:
  - {fileID: 2100000, guid: 31321ba15b8f8eb4c954353edc038b1d, type: 2}
  m_StaticBatchInfo:
    firstSubMesh: 0
    subMeshCount: 0
  m_StaticBatchRoot: {fileID: 0}
  m_ProbeAnchor: {fileID: 0}
  m_LightProbeVolumeOverride: {fileID: 0}
  m_ScaleInLightmap: 1
  m_ReceiveGI: 1
  m_PreserveUVs: 0
  m_IgnoreNormalsForChartDetection: 0
  m_ImportantGI: 0
  m_StitchLightmapSeams: 1
  m_SelectedEditorRenderState: 3
  m_MinimumChartSize: 4
  m_AutoUVMaxDistance: 0.5
  m_AutoUVMaxAngle: 89
  m_LightmapParameters: {fileID: 0}
  m_SortingLayerID: 0
  m_SortingLayer: 0
  m_SortingOrder: 0
  m_AdditionalVertexStreams: {fileID: 0}
--- !u!65 &3180381694858903072
BoxCollider:
  m_ObjectHideFlags: 0
  m_CorrespondingSourceObject: {fileID: 0}
  m_PrefabInstance: {fileID: 0}
  m_PrefabAsset: {fileID: 0}
  m_GameObject: {fileID: 3180381694858903073}
  m_Material: {fileID: 0}
  m_IsTrigger: 0
  m_Enabled: 1
  serializedVersion: 2
  m_Size: {x: 1, y: 1, z: 1}
  m_Center: {x: 0, y: 0, z: 0}
--- !u!1 &3180381695059204889
GameObject:
  m_ObjectHideFlags: 0
  m_CorrespondingSourceObject: {fileID: 0}
  m_PrefabInstance: {fileID: 0}
  m_PrefabAsset: {fileID: 0}
  serializedVersion: 6
  m_Component:
  - component: {fileID: 3180381695059204888}
  m_Layer: 0
  m_Name: MenusContainer
  m_TagString: Untagged
  m_Icon: {fileID: 0}
  m_NavMeshLayer: 0
  m_StaticEditorFlags: 0
  m_IsActive: 1
--- !u!4 &3180381695059204888
Transform:
  m_ObjectHideFlags: 0
  m_CorrespondingSourceObject: {fileID: 0}
  m_PrefabInstance: {fileID: 0}
  m_PrefabAsset: {fileID: 0}
  m_GameObject: {fileID: 3180381695059204889}
  m_LocalRotation: {x: 0, y: 0, z: 0, w: 1}
  m_LocalPosition: {x: -4.092701, y: -7.1989408, z: 3.0721786}
  m_LocalScale: {x: 1, y: 1, z: 1}
  m_ConstrainProportionsScale: 0
  m_Children:
  - {fileID: 3180381694989851075}
  - {fileID: 1849482007770585697}
  - {fileID: 3180381696416986729}
  m_Father: {fileID: 0}
  m_RootOrder: 0
  m_LocalEulerAnglesHint: {x: 0, y: 0, z: 0}
--- !u!1 &3180381695176701728
GameObject:
  m_ObjectHideFlags: 0
  m_CorrespondingSourceObject: {fileID: 0}
  m_PrefabInstance: {fileID: 0}
  m_PrefabAsset: {fileID: 0}
  serializedVersion: 6
  m_Component:
  - component: {fileID: 3180381695176701733}
  - component: {fileID: 3180381695176701734}
  - component: {fileID: 3180381695176701735}
  - component: {fileID: 3180381695176701732}
  m_Layer: 0
  m_Name: Main Camera
  m_TagString: MainCamera
  m_Icon: {fileID: 0}
  m_NavMeshLayer: 0
  m_StaticEditorFlags: 0
  m_IsActive: 1
--- !u!4 &3180381695176701733
Transform:
  m_ObjectHideFlags: 0
  m_CorrespondingSourceObject: {fileID: 0}
  m_PrefabInstance: {fileID: 0}
  m_PrefabAsset: {fileID: 0}
  m_GameObject: {fileID: 3180381695176701728}
  m_LocalRotation: {x: 0.10132269, y: -0.37238836, z: 0.040940158, w: 0.9216206}
  m_LocalPosition: {x: 7.365517, y: 9.087169, z: -5.777009}
  m_LocalScale: {x: 1, y: 1, z: 1}
  m_ConstrainProportionsScale: 0
  m_Children: []
  m_Father: {fileID: 3180381696416986729}
  m_RootOrder: 10
  m_LocalEulerAnglesHint: {x: 0, y: 0, z: 0}
--- !u!20 &3180381695176701734
Camera:
  m_ObjectHideFlags: 0
  m_CorrespondingSourceObject: {fileID: 0}
  m_PrefabInstance: {fileID: 0}
  m_PrefabAsset: {fileID: 0}
  m_GameObject: {fileID: 3180381695176701728}
  m_Enabled: 1
  serializedVersion: 2
  m_ClearFlags: 1
  m_BackGroundColor: {r: 0.19215687, g: 0.3019608, b: 0.4745098, a: 0}
  m_projectionMatrixMode: 1
  m_GateFitMode: 2
  m_FOVAxisMode: 0
  m_SensorSize: {x: 36, y: 24}
  m_LensShift: {x: 0, y: 0}
  m_FocalLength: 50
  m_NormalizedViewPortRect:
    serializedVersion: 2
    x: 0
    y: 0
    width: 1
    height: 1
  near clip plane: 0.3
  far clip plane: 1000
  field of view: 60
  orthographic: 0
  orthographic size: 5
  m_Depth: -1
  m_CullingMask:
    serializedVersion: 2
    m_Bits: 4294967295
  m_RenderingPath: -1
  m_TargetTexture: {fileID: 0}
  m_TargetDisplay: 0
  m_TargetEye: 3
  m_HDR: 1
  m_AllowMSAA: 1
  m_AllowDynamicResolution: 0
  m_ForceIntoRT: 0
  m_OcclusionCulling: 1
  m_StereoConvergence: 10
  m_StereoSeparation: 0.022
--- !u!81 &3180381695176701735
AudioListener:
  m_ObjectHideFlags: 0
  m_CorrespondingSourceObject: {fileID: 0}
  m_PrefabInstance: {fileID: 0}
  m_PrefabAsset: {fileID: 0}
  m_GameObject: {fileID: 3180381695176701728}
  m_Enabled: 1
--- !u!114 &3180381695176701732
MonoBehaviour:
  m_ObjectHideFlags: 0
  m_CorrespondingSourceObject: {fileID: 0}
  m_PrefabInstance: {fileID: 0}
  m_PrefabAsset: {fileID: 0}
  m_GameObject: {fileID: 3180381695176701728}
  m_Enabled: 1
  m_EditorHideFlags: 0
  m_Script: {fileID: 11500000, guid: a79441f348de89743a2939f4d699eac1, type: 3}
  m_Name: 
  m_EditorClassIdentifier: 
  m_RenderShadows: 1
  m_RequiresDepthTextureOption: 2
  m_RequiresOpaqueTextureOption: 2
  m_CameraType: 0
  m_Cameras: []
  m_RendererIndex: -1
  m_VolumeLayerMask:
    serializedVersion: 2
    m_Bits: 1
  m_VolumeTrigger: {fileID: 0}
  m_VolumeFrameworkUpdateModeOption: 2
  m_RenderPostProcessing: 1
  m_Antialiasing: 0
  m_AntialiasingQuality: 2
  m_StopNaN: 0
  m_Dithering: 0
  m_ClearDepth: 1
  m_AllowXRRendering: 1
  m_RequiresDepthTexture: 0
  m_RequiresColorTexture: 0
  m_Version: 2
--- !u!1 &3180381695494539806
GameObject:
  m_ObjectHideFlags: 0
  m_CorrespondingSourceObject: {fileID: 0}
  m_PrefabInstance: {fileID: 0}
  m_PrefabAsset: {fileID: 0}
  serializedVersion: 6
  m_Component:
  - component: {fileID: 3180381695494539778}
  - component: {fileID: 3180381695494539779}
  - component: {fileID: 3180381695494539804}
  - component: {fileID: 3180381695494539805}
  m_Layer: 0
  m_Name: Cube
  m_TagString: Untagged
  m_Icon: {fileID: 0}
  m_NavMeshLayer: 0
  m_StaticEditorFlags: 0
  m_IsActive: 1
--- !u!4 &3180381695494539778
Transform:
  m_ObjectHideFlags: 0
  m_CorrespondingSourceObject: {fileID: 0}
  m_PrefabInstance: {fileID: 0}
  m_PrefabAsset: {fileID: 0}
  m_GameObject: {fileID: 3180381695494539806}
  m_LocalRotation: {x: -0, y: -0, z: -0, w: 1}
  m_LocalPosition: {x: 2.352701, y: 9.436241, z: -3.6021786}
  m_LocalScale: {x: 1, y: 5.4745, z: 10}
  m_ConstrainProportionsScale: 0
  m_Children: []
  m_Father: {fileID: 3180381696416986729}
  m_RootOrder: 4
  m_LocalEulerAnglesHint: {x: 0, y: 0, z: 0}
--- !u!33 &3180381695494539779
MeshFilter:
  m_ObjectHideFlags: 0
  m_CorrespondingSourceObject: {fileID: 0}
  m_PrefabInstance: {fileID: 0}
  m_PrefabAsset: {fileID: 0}
  m_GameObject: {fileID: 3180381695494539806}
  m_Mesh: {fileID: 10202, guid: 0000000000000000e000000000000000, type: 0}
--- !u!23 &3180381695494539804
MeshRenderer:
  m_ObjectHideFlags: 0
  m_CorrespondingSourceObject: {fileID: 0}
  m_PrefabInstance: {fileID: 0}
  m_PrefabAsset: {fileID: 0}
  m_GameObject: {fileID: 3180381695494539806}
  m_Enabled: 1
  m_CastShadows: 1
  m_ReceiveShadows: 1
  m_DynamicOccludee: 1
  m_StaticShadowCaster: 0
  m_MotionVectors: 1
  m_LightProbeUsage: 1
  m_ReflectionProbeUsage: 1
  m_RayTracingMode: 2
  m_RayTraceProcedural: 0
  m_RenderingLayerMask: 1
  m_RendererPriority: 0
  m_Materials:
  - {fileID: 2100000, guid: 31321ba15b8f8eb4c954353edc038b1d, type: 2}
  m_StaticBatchInfo:
    firstSubMesh: 0
    subMeshCount: 0
  m_StaticBatchRoot: {fileID: 0}
  m_ProbeAnchor: {fileID: 0}
  m_LightProbeVolumeOverride: {fileID: 0}
  m_ScaleInLightmap: 1
  m_ReceiveGI: 1
  m_PreserveUVs: 0
  m_IgnoreNormalsForChartDetection: 0
  m_ImportantGI: 0
  m_StitchLightmapSeams: 1
  m_SelectedEditorRenderState: 3
  m_MinimumChartSize: 4
  m_AutoUVMaxDistance: 0.5
  m_AutoUVMaxAngle: 89
  m_LightmapParameters: {fileID: 0}
  m_SortingLayerID: 0
  m_SortingLayer: 0
  m_SortingOrder: 0
  m_AdditionalVertexStreams: {fileID: 0}
--- !u!65 &3180381695494539805
BoxCollider:
  m_ObjectHideFlags: 0
  m_CorrespondingSourceObject: {fileID: 0}
  m_PrefabInstance: {fileID: 0}
  m_PrefabAsset: {fileID: 0}
  m_GameObject: {fileID: 3180381695494539806}
  m_Material: {fileID: 0}
  m_IsTrigger: 0
  m_Enabled: 1
  serializedVersion: 2
  m_Size: {x: 1, y: 1, z: 1}
  m_Center: {x: 0, y: 0, z: 0}
--- !u!1 &3180381695708632516
GameObject:
  m_ObjectHideFlags: 0
  m_CorrespondingSourceObject: {fileID: 0}
  m_PrefabInstance: {fileID: 0}
  m_PrefabAsset: {fileID: 0}
  serializedVersion: 6
  m_Component:
  - component: {fileID: 3180381695708632520}
  - component: {fileID: 3180381695708632521}
  - component: {fileID: 3180381695708632522}
  - component: {fileID: 3180381695708632523}
  m_Layer: 0
  m_Name: Cube (1)
  m_TagString: Untagged
  m_Icon: {fileID: 0}
  m_NavMeshLayer: 0
  m_StaticEditorFlags: 0
  m_IsActive: 1
--- !u!4 &3180381695708632520
Transform:
  m_ObjectHideFlags: 0
  m_CorrespondingSourceObject: {fileID: 0}
  m_PrefabInstance: {fileID: 0}
  m_PrefabAsset: {fileID: 0}
  m_GameObject: {fileID: 3180381695708632516}
  m_LocalRotation: {x: -0, y: 0.70710707, z: -0, w: 0.70710653}
  m_LocalPosition: {x: 5.542701, y: 9.436241, z: -0.002178669}
  m_LocalScale: {x: 1, y: 5.4745, z: 10}
  m_ConstrainProportionsScale: 0
  m_Children: []
  m_Father: {fileID: 3180381696416986729}
  m_RootOrder: 9
  m_LocalEulerAnglesHint: {x: 0, y: 90, z: 0}
--- !u!33 &3180381695708632521
MeshFilter:
  m_ObjectHideFlags: 0
  m_CorrespondingSourceObject: {fileID: 0}
  m_PrefabInstance: {fileID: 0}
  m_PrefabAsset: {fileID: 0}
  m_GameObject: {fileID: 3180381695708632516}
  m_Mesh: {fileID: 10202, guid: 0000000000000000e000000000000000, type: 0}
--- !u!23 &3180381695708632522
MeshRenderer:
  m_ObjectHideFlags: 0
  m_CorrespondingSourceObject: {fileID: 0}
  m_PrefabInstance: {fileID: 0}
  m_PrefabAsset: {fileID: 0}
  m_GameObject: {fileID: 3180381695708632516}
  m_Enabled: 1
  m_CastShadows: 1
  m_ReceiveShadows: 1
  m_DynamicOccludee: 1
  m_StaticShadowCaster: 0
  m_MotionVectors: 1
  m_LightProbeUsage: 1
  m_ReflectionProbeUsage: 1
  m_RayTracingMode: 2
  m_RayTraceProcedural: 0
  m_RenderingLayerMask: 1
  m_RendererPriority: 0
  m_Materials:
  - {fileID: 2100000, guid: 31321ba15b8f8eb4c954353edc038b1d, type: 2}
  m_StaticBatchInfo:
    firstSubMesh: 0
    subMeshCount: 0
  m_StaticBatchRoot: {fileID: 0}
  m_ProbeAnchor: {fileID: 0}
  m_LightProbeVolumeOverride: {fileID: 0}
  m_ScaleInLightmap: 1
  m_ReceiveGI: 1
  m_PreserveUVs: 0
  m_IgnoreNormalsForChartDetection: 0
  m_ImportantGI: 0
  m_StitchLightmapSeams: 1
  m_SelectedEditorRenderState: 3
  m_MinimumChartSize: 4
  m_AutoUVMaxDistance: 0.5
  m_AutoUVMaxAngle: 89
  m_LightmapParameters: {fileID: 0}
  m_SortingLayerID: 0
  m_SortingLayer: 0
  m_SortingOrder: 0
  m_AdditionalVertexStreams: {fileID: 0}
--- !u!65 &3180381695708632523
BoxCollider:
  m_ObjectHideFlags: 0
  m_CorrespondingSourceObject: {fileID: 0}
  m_PrefabInstance: {fileID: 0}
  m_PrefabAsset: {fileID: 0}
  m_GameObject: {fileID: 3180381695708632516}
  m_Material: {fileID: 0}
  m_IsTrigger: 0
  m_Enabled: 1
  serializedVersion: 2
  m_Size: {x: 1, y: 1, z: 1}
  m_Center: {x: 0, y: 0, z: 0}
--- !u!1 &3180381696416986730
GameObject:
  m_ObjectHideFlags: 0
  m_CorrespondingSourceObject: {fileID: 0}
  m_PrefabInstance: {fileID: 0}
  m_PrefabAsset: {fileID: 0}
  serializedVersion: 6
  m_Component:
  - component: {fileID: 3180381696416986729}
  m_Layer: 0
  m_Name: Physic
  m_TagString: Untagged
  m_Icon: {fileID: 0}
  m_NavMeshLayer: 0
  m_StaticEditorFlags: 0
  m_IsActive: 1
--- !u!4 &3180381696416986729
Transform:
  m_ObjectHideFlags: 0
  m_CorrespondingSourceObject: {fileID: 0}
  m_PrefabInstance: {fileID: 0}
  m_PrefabAsset: {fileID: 0}
  m_GameObject: {fileID: 3180381696416986730}
  m_LocalRotation: {x: 0, y: 0, z: 0, w: 1}
  m_LocalPosition: {x: 0, y: 0, z: 0}
  m_LocalScale: {x: 1, y: 1, z: 1}
  m_ConstrainProportionsScale: 0
  m_Children:
  - {fileID: 2129538053921629988}
  - {fileID: 2361320548369408926}
  - {fileID: 5516371573237969680}
  - {fileID: 3180381694625779108}
  - {fileID: 3180381695494539778}
  - {fileID: 3180381694858903077}
  - {fileID: 2361320549356684383}
  - {fileID: 2361320549033558349}
  - {fileID: 2361320548430581173}
  - {fileID: 3180381695708632520}
  - {fileID: 3180381695176701733}
  m_Father: {fileID: 3180381695059204888}
  m_RootOrder: 2
  m_LocalEulerAnglesHint: {x: 0, y: 0, z: 0}
--- !u!1001 &1671365623343778562
PrefabInstance:
  m_ObjectHideFlags: 0
  serializedVersion: 2
  m_Modification:
    m_TransformParent: {fileID: 3180381695059204888}
    m_Modifications:
    - target: {fileID: 4256779473702277825, guid: 883f02ecd53afab489dc5e66d3fca1a8,
        type: 3}
      propertyPath: m_Pivot.x
      value: 0
      objectReference: {fileID: 0}
    - target: {fileID: 4256779473702277825, guid: 883f02ecd53afab489dc5e66d3fca1a8,
        type: 3}
      propertyPath: m_Pivot.y
      value: 0
      objectReference: {fileID: 0}
    - target: {fileID: 4256779473702277825, guid: 883f02ecd53afab489dc5e66d3fca1a8,
        type: 3}
      propertyPath: m_RootOrder
      value: 0
      objectReference: {fileID: 0}
    - target: {fileID: 4256779473702277825, guid: 883f02ecd53afab489dc5e66d3fca1a8,
        type: 3}
      propertyPath: m_AnchorMax.x
      value: 0
      objectReference: {fileID: 0}
    - target: {fileID: 4256779473702277825, guid: 883f02ecd53afab489dc5e66d3fca1a8,
        type: 3}
      propertyPath: m_AnchorMax.y
      value: 0
      objectReference: {fileID: 0}
    - target: {fileID: 4256779473702277825, guid: 883f02ecd53afab489dc5e66d3fca1a8,
        type: 3}
      propertyPath: m_AnchorMin.x
      value: 0
      objectReference: {fileID: 0}
    - target: {fileID: 4256779473702277825, guid: 883f02ecd53afab489dc5e66d3fca1a8,
        type: 3}
      propertyPath: m_AnchorMin.y
      value: 0
      objectReference: {fileID: 0}
    - target: {fileID: 4256779473702277825, guid: 883f02ecd53afab489dc5e66d3fca1a8,
        type: 3}
      propertyPath: m_SizeDelta.x
      value: 0
      objectReference: {fileID: 0}
    - target: {fileID: 4256779473702277825, guid: 883f02ecd53afab489dc5e66d3fca1a8,
        type: 3}
      propertyPath: m_SizeDelta.y
      value: 0
      objectReference: {fileID: 0}
    - target: {fileID: 4256779473702277825, guid: 883f02ecd53afab489dc5e66d3fca1a8,
        type: 3}
      propertyPath: m_LocalPosition.x
      value: 0
      objectReference: {fileID: 0}
    - target: {fileID: 4256779473702277825, guid: 883f02ecd53afab489dc5e66d3fca1a8,
        type: 3}
      propertyPath: m_LocalPosition.y
      value: 0
      objectReference: {fileID: 0}
    - target: {fileID: 4256779473702277825, guid: 883f02ecd53afab489dc5e66d3fca1a8,
        type: 3}
      propertyPath: m_LocalPosition.z
      value: 0
      objectReference: {fileID: 0}
    - target: {fileID: 4256779473702277825, guid: 883f02ecd53afab489dc5e66d3fca1a8,
        type: 3}
      propertyPath: m_LocalRotation.w
      value: 1
      objectReference: {fileID: 0}
    - target: {fileID: 4256779473702277825, guid: 883f02ecd53afab489dc5e66d3fca1a8,
        type: 3}
      propertyPath: m_LocalRotation.x
      value: 0
      objectReference: {fileID: 0}
    - target: {fileID: 4256779473702277825, guid: 883f02ecd53afab489dc5e66d3fca1a8,
        type: 3}
      propertyPath: m_LocalRotation.y
      value: 0
      objectReference: {fileID: 0}
    - target: {fileID: 4256779473702277825, guid: 883f02ecd53afab489dc5e66d3fca1a8,
        type: 3}
      propertyPath: m_LocalRotation.z
      value: 0
      objectReference: {fileID: 0}
    - target: {fileID: 4256779473702277825, guid: 883f02ecd53afab489dc5e66d3fca1a8,
        type: 3}
      propertyPath: m_AnchoredPosition.x
      value: 0
      objectReference: {fileID: 0}
    - target: {fileID: 4256779473702277825, guid: 883f02ecd53afab489dc5e66d3fca1a8,
        type: 3}
      propertyPath: m_AnchoredPosition.y
      value: 0
      objectReference: {fileID: 0}
    - target: {fileID: 4256779473702277825, guid: 883f02ecd53afab489dc5e66d3fca1a8,
        type: 3}
      propertyPath: m_LocalEulerAnglesHint.x
      value: 0
      objectReference: {fileID: 0}
    - target: {fileID: 4256779473702277825, guid: 883f02ecd53afab489dc5e66d3fca1a8,
        type: 3}
      propertyPath: m_LocalEulerAnglesHint.y
      value: 0
      objectReference: {fileID: 0}
    - target: {fileID: 4256779473702277825, guid: 883f02ecd53afab489dc5e66d3fca1a8,
        type: 3}
      propertyPath: m_LocalEulerAnglesHint.z
      value: 0
      objectReference: {fileID: 0}
    - target: {fileID: 4256779473702277852, guid: 883f02ecd53afab489dc5e66d3fca1a8,
        type: 3}
      propertyPath: m_Enabled
      value: 0
      objectReference: {fileID: 0}
    - target: {fileID: 4256779473702277853, guid: 883f02ecd53afab489dc5e66d3fca1a8,
        type: 3}
      propertyPath: m_Name
      value: MainMenu
      objectReference: {fileID: 0}
    - target: {fileID: 5677071411486517390, guid: 883f02ecd53afab489dc5e66d3fca1a8,
        type: 3}
      propertyPath: m_OnClick.m_PersistentCalls.m_Calls.Array.size
      value: 2
      objectReference: {fileID: 0}
    - target: {fileID: 5677071411486517390, guid: 883f02ecd53afab489dc5e66d3fca1a8,
        type: 3}
      propertyPath: m_OnClick.m_PersistentCalls.m_Calls.Array.data[1].m_Mode
      value: 5
      objectReference: {fileID: 0}
    - target: {fileID: 5677071411486517390, guid: 883f02ecd53afab489dc5e66d3fca1a8,
        type: 3}
      propertyPath: m_OnClick.m_PersistentCalls.m_Calls.Array.data[1].m_Target
      value: 
      objectReference: {fileID: 348236094204539097}
    - target: {fileID: 5677071411486517390, guid: 883f02ecd53afab489dc5e66d3fca1a8,
        type: 3}
      propertyPath: m_OnClick.m_PersistentCalls.m_Calls.Array.data[1].m_CallState
      value: 2
      objectReference: {fileID: 0}
    - target: {fileID: 5677071411486517390, guid: 883f02ecd53afab489dc5e66d3fca1a8,
        type: 3}
      propertyPath: m_OnClick.m_PersistentCalls.m_Calls.Array.data[1].m_MethodName
      value: SetTrigger
      objectReference: {fileID: 0}
    - target: {fileID: 5677071411486517390, guid: 883f02ecd53afab489dc5e66d3fca1a8,
        type: 3}
      propertyPath: m_OnClick.m_PersistentCalls.m_Calls.Array.data[1].m_TargetAssemblyTypeName
      value: UnityEngine.Animator, UnityEngine
      objectReference: {fileID: 0}
    - target: {fileID: 5677071411486517390, guid: 883f02ecd53afab489dc5e66d3fca1a8,
        type: 3}
      propertyPath: m_OnClick.m_PersistentCalls.m_Calls.Array.data[1].m_Arguments.m_BoolArgument
      value: 1
      objectReference: {fileID: 0}
    - target: {fileID: 5677071411486517390, guid: 883f02ecd53afab489dc5e66d3fca1a8,
        type: 3}
      propertyPath: m_OnClick.m_PersistentCalls.m_Calls.Array.data[1].m_Arguments.m_StringArgument
      value: Open
      objectReference: {fileID: 0}
    - target: {fileID: 5677071411486517390, guid: 883f02ecd53afab489dc5e66d3fca1a8,
        type: 3}
      propertyPath: m_OnClick.m_PersistentCalls.m_Calls.Array.data[1].m_Arguments.m_ObjectArgumentAssemblyTypeName
      value: UnityEngine.Object, UnityEngine
      objectReference: {fileID: 0}
    m_RemovedComponents: []
  m_SourcePrefab: {fileID: 100100000, guid: 883f02ecd53afab489dc5e66d3fca1a8, type: 3}
--- !u!224 &3180381694989851075 stripped
RectTransform:
  m_CorrespondingSourceObject: {fileID: 4256779473702277825, guid: 883f02ecd53afab489dc5e66d3fca1a8,
    type: 3}
  m_PrefabInstance: {fileID: 1671365623343778562}
  m_PrefabAsset: {fileID: 0}
--- !u!1001 &3180381694888201684
PrefabInstance:
  m_ObjectHideFlags: 0
  serializedVersion: 2
  m_Modification:
    m_TransformParent: {fileID: 3180381696416986729}
    m_Modifications:
    - target: {fileID: 929963405787171993, guid: 811a11bd2847d8541b39b61394019661,
        type: 3}
      propertyPath: m_RootOrder
      value: 7
      objectReference: {fileID: 0}
    - target: {fileID: 929963405787171993, guid: 811a11bd2847d8541b39b61394019661,
        type: 3}
      propertyPath: m_LocalScale.x
      value: 0.6
      objectReference: {fileID: 0}
    - target: {fileID: 929963405787171993, guid: 811a11bd2847d8541b39b61394019661,
        type: 3}
      propertyPath: m_LocalScale.y
      value: 0.6
      objectReference: {fileID: 0}
    - target: {fileID: 929963405787171993, guid: 811a11bd2847d8541b39b61394019661,
        type: 3}
      propertyPath: m_LocalScale.z
      value: 0.6
      objectReference: {fileID: 0}
    - target: {fileID: 929963405787171993, guid: 811a11bd2847d8541b39b61394019661,
        type: 3}
      propertyPath: m_LocalPosition.x
      value: 7.176701
      objectReference: {fileID: 0}
    - target: {fileID: 929963405787171993, guid: 811a11bd2847d8541b39b61394019661,
        type: 3}
      propertyPath: m_LocalPosition.y
      value: 8.046941
      objectReference: {fileID: 0}
    - target: {fileID: 929963405787171993, guid: 811a11bd2847d8541b39b61394019661,
        type: 3}
      propertyPath: m_LocalPosition.z
      value: -3.6251786
      objectReference: {fileID: 0}
    - target: {fileID: 929963405787171993, guid: 811a11bd2847d8541b39b61394019661,
        type: 3}
      propertyPath: m_LocalRotation.w
      value: 0.93166935
      objectReference: {fileID: 0}
    - target: {fileID: 929963405787171993, guid: 811a11bd2847d8541b39b61394019661,
        type: 3}
      propertyPath: m_LocalRotation.x
      value: -0
      objectReference: {fileID: 0}
    - target: {fileID: 929963405787171993, guid: 811a11bd2847d8541b39b61394019661,
        type: 3}
      propertyPath: m_LocalRotation.y
      value: -0.36330745
      objectReference: {fileID: 0}
    - target: {fileID: 929963405787171993, guid: 811a11bd2847d8541b39b61394019661,
        type: 3}
      propertyPath: m_LocalRotation.z
      value: -0
      objectReference: {fileID: 0}
    - target: {fileID: 929963405787171993, guid: 811a11bd2847d8541b39b61394019661,
        type: 3}
      propertyPath: m_LocalEulerAnglesHint.x
      value: 0
      objectReference: {fileID: 0}
    - target: {fileID: 929963405787171993, guid: 811a11bd2847d8541b39b61394019661,
        type: 3}
      propertyPath: m_LocalEulerAnglesHint.y
      value: -42.607
      objectReference: {fileID: 0}
    - target: {fileID: 929963405787171993, guid: 811a11bd2847d8541b39b61394019661,
        type: 3}
      propertyPath: m_LocalEulerAnglesHint.z
      value: 0
      objectReference: {fileID: 0}
    - target: {fileID: 929963405787171998, guid: 811a11bd2847d8541b39b61394019661,
        type: 3}
      propertyPath: m_Name
      value: Box (2)
      objectReference: {fileID: 0}
    m_RemovedComponents: []
  m_SourcePrefab: {fileID: 100100000, guid: 811a11bd2847d8541b39b61394019661, type: 3}
--- !u!4 &2361320549033558349 stripped
Transform:
  m_CorrespondingSourceObject: {fileID: 929963405787171993, guid: 811a11bd2847d8541b39b61394019661,
    type: 3}
  m_PrefabInstance: {fileID: 3180381694888201684}
  m_PrefabAsset: {fileID: 0}
--- !u!1001 &3180381695479302342
PrefabInstance:
  m_ObjectHideFlags: 0
  serializedVersion: 2
  m_Modification:
    m_TransformParent: {fileID: 3180381696416986729}
    m_Modifications:
    - target: {fileID: 929963404655608875, guid: 811a11bd2847d8541b39b61394019661,
        type: 3}
      propertyPath: m_Materials.Array.data[0]
      value: 
      objectReference: {fileID: 2100000, guid: 40d4448a26b80bd4ea895b4d4959d75d, type: 2}
    - target: {fileID: 929963405008557218, guid: 811a11bd2847d8541b39b61394019661,
        type: 3}
      propertyPath: m_Materials.Array.data[0]
      value: 
      objectReference: {fileID: 2100000, guid: e7d32e3fb96a9f04fa442ba98715edc4, type: 2}
    - target: {fileID: 929963405787171993, guid: 811a11bd2847d8541b39b61394019661,
        type: 3}
      propertyPath: m_RootOrder
      value: 6
      objectReference: {fileID: 0}
    - target: {fileID: 929963405787171993, guid: 811a11bd2847d8541b39b61394019661,
        type: 3}
      propertyPath: m_LocalScale.x
      value: 0.5
      objectReference: {fileID: 0}
    - target: {fileID: 929963405787171993, guid: 811a11bd2847d8541b39b61394019661,
        type: 3}
      propertyPath: m_LocalScale.y
      value: 0.5
      objectReference: {fileID: 0}
    - target: {fileID: 929963405787171993, guid: 811a11bd2847d8541b39b61394019661,
        type: 3}
      propertyPath: m_LocalScale.z
      value: 0.5
      objectReference: {fileID: 0}
    - target: {fileID: 929963405787171993, guid: 811a11bd2847d8541b39b61394019661,
        type: 3}
      propertyPath: m_LocalPosition.x
      value: 4.627701
      objectReference: {fileID: 0}
    - target: {fileID: 929963405787171993, guid: 811a11bd2847d8541b39b61394019661,
        type: 3}
      propertyPath: m_LocalPosition.y
      value: 7.987941
      objectReference: {fileID: 0}
    - target: {fileID: 929963405787171993, guid: 811a11bd2847d8541b39b61394019661,
        type: 3}
      propertyPath: m_LocalPosition.z
      value: -5.3721786
      objectReference: {fileID: 0}
    - target: {fileID: 929963405787171993, guid: 811a11bd2847d8541b39b61394019661,
        type: 3}
      propertyPath: m_LocalRotation.w
      value: 0.8405078
      objectReference: {fileID: 0}
    - target: {fileID: 929963405787171993, guid: 811a11bd2847d8541b39b61394019661,
        type: 3}
      propertyPath: m_LocalRotation.x
      value: -0
      objectReference: {fileID: 0}
    - target: {fileID: 929963405787171993, guid: 811a11bd2847d8541b39b61394019661,
        type: 3}
      propertyPath: m_LocalRotation.y
      value: -0.54179955
      objectReference: {fileID: 0}
    - target: {fileID: 929963405787171993, guid: 811a11bd2847d8541b39b61394019661,
        type: 3}
      propertyPath: m_LocalRotation.z
      value: -0
      objectReference: {fileID: 0}
    - target: {fileID: 929963405787171993, guid: 811a11bd2847d8541b39b61394019661,
        type: 3}
      propertyPath: m_LocalEulerAnglesHint.x
      value: 0
      objectReference: {fileID: 0}
    - target: {fileID: 929963405787171993, guid: 811a11bd2847d8541b39b61394019661,
        type: 3}
      propertyPath: m_LocalEulerAnglesHint.y
      value: -65.612
      objectReference: {fileID: 0}
    - target: {fileID: 929963405787171993, guid: 811a11bd2847d8541b39b61394019661,
        type: 3}
      propertyPath: m_LocalEulerAnglesHint.z
      value: 0
      objectReference: {fileID: 0}
    - target: {fileID: 929963405787171998, guid: 811a11bd2847d8541b39b61394019661,
        type: 3}
      propertyPath: m_Name
      value: Box (1)
      objectReference: {fileID: 0}
    m_RemovedComponents: []
  m_SourcePrefab: {fileID: 100100000, guid: 811a11bd2847d8541b39b61394019661, type: 3}
--- !u!4 &2361320549356684383 stripped
Transform:
  m_CorrespondingSourceObject: {fileID: 929963405787171993, guid: 811a11bd2847d8541b39b61394019661,
    type: 3}
  m_PrefabInstance: {fileID: 3180381695479302342}
  m_PrefabAsset: {fileID: 0}
--- !u!1001 &3180381695768839474
PrefabInstance:
  m_ObjectHideFlags: 0
  serializedVersion: 2
  m_Modification:
    m_TransformParent: {fileID: 3180381696416986729}
    m_Modifications:
    - target: {fileID: 73015477259927036, guid: 28f7d74aeec55274d988830b605cab24,
        type: 3}
      propertyPath: m_LocalPosition.x
      value: -0.349
      objectReference: {fileID: 0}
    - target: {fileID: 73015477259927036, guid: 28f7d74aeec55274d988830b605cab24,
        type: 3}
      propertyPath: m_LocalPosition.y
      value: 0.578
      objectReference: {fileID: 0}
    - target: {fileID: 73015477259927036, guid: 28f7d74aeec55274d988830b605cab24,
        type: 3}
      propertyPath: m_LocalPosition.z
      value: 0.469
      objectReference: {fileID: 0}
    - target: {fileID: 73015477259927036, guid: 28f7d74aeec55274d988830b605cab24,
        type: 3}
      propertyPath: m_LocalRotation.w
      value: 0.98111737
      objectReference: {fileID: 0}
    - target: {fileID: 73015477259927036, guid: 28f7d74aeec55274d988830b605cab24,
        type: 3}
      propertyPath: m_LocalRotation.x
      value: -0.15279616
      objectReference: {fileID: 0}
    - target: {fileID: 73015477259927036, guid: 28f7d74aeec55274d988830b605cab24,
        type: 3}
      propertyPath: m_LocalRotation.y
      value: 0.1011088
      objectReference: {fileID: 0}
    - target: {fileID: 73015477259927036, guid: 28f7d74aeec55274d988830b605cab24,
        type: 3}
      propertyPath: m_LocalRotation.z
      value: 0.061961003
      objectReference: {fileID: 0}
    - target: {fileID: 73015477259927036, guid: 28f7d74aeec55274d988830b605cab24,
        type: 3}
      propertyPath: m_LocalEulerAnglesHint.x
      value: -18.201
      objectReference: {fileID: 0}
    - target: {fileID: 73015477259927036, guid: 28f7d74aeec55274d988830b605cab24,
        type: 3}
      propertyPath: m_LocalEulerAnglesHint.y
      value: 10.89
      objectReference: {fileID: 0}
    - target: {fileID: 73015477259927036, guid: 28f7d74aeec55274d988830b605cab24,
        type: 3}
      propertyPath: m_LocalEulerAnglesHint.z
      value: 5.478
      objectReference: {fileID: 0}
    - target: {fileID: 5199988189256291566, guid: 28f7d74aeec55274d988830b605cab24,
        type: 3}
      propertyPath: m_LocalPosition.x
      value: 0.5
      objectReference: {fileID: 0}
    - target: {fileID: 5199988189256291566, guid: 28f7d74aeec55274d988830b605cab24,
        type: 3}
      propertyPath: m_LocalPosition.y
      value: 0.583
      objectReference: {fileID: 0}
    - target: {fileID: 5199988189256291566, guid: 28f7d74aeec55274d988830b605cab24,
        type: 3}
      propertyPath: m_LocalPosition.z
      value: 0.472
      objectReference: {fileID: 0}
    - target: {fileID: 5199988189256291566, guid: 28f7d74aeec55274d988830b605cab24,
        type: 3}
      propertyPath: m_LocalRotation.w
      value: 0.97066265
      objectReference: {fileID: 0}
    - target: {fileID: 5199988189256291566, guid: 28f7d74aeec55274d988830b605cab24,
        type: 3}
      propertyPath: m_LocalRotation.x
      value: 0.066071056
      objectReference: {fileID: 0}
    - target: {fileID: 5199988189256291566, guid: 28f7d74aeec55274d988830b605cab24,
        type: 3}
      propertyPath: m_LocalRotation.y
      value: -0.01570031
      objectReference: {fileID: 0}
    - target: {fileID: 5199988189256291566, guid: 28f7d74aeec55274d988830b605cab24,
        type: 3}
      propertyPath: m_LocalRotation.z
      value: 0.23065606
      objectReference: {fileID: 0}
    - target: {fileID: 5199988189256291566, guid: 28f7d74aeec55274d988830b605cab24,
        type: 3}
      propertyPath: m_LocalEulerAnglesHint.x
      value: 7.788
      objectReference: {fileID: 0}
    - target: {fileID: 5199988189256291566, guid: 28f7d74aeec55274d988830b605cab24,
        type: 3}
      propertyPath: m_LocalEulerAnglesHint.z
      value: 26.734
      objectReference: {fileID: 0}
    - target: {fileID: 6966201062925383202, guid: 28f7d74aeec55274d988830b605cab24,
        type: 3}
      propertyPath: m_RootOrder
      value: 2
      objectReference: {fileID: 0}
    - target: {fileID: 6966201062925383202, guid: 28f7d74aeec55274d988830b605cab24,
        type: 3}
      propertyPath: m_LocalPosition.x
      value: 4.227339
      objectReference: {fileID: 0}
    - target: {fileID: 6966201062925383202, guid: 28f7d74aeec55274d988830b605cab24,
        type: 3}
      propertyPath: m_LocalPosition.y
      value: 7.7079406
      objectReference: {fileID: 0}
    - target: {fileID: 6966201062925383202, guid: 28f7d74aeec55274d988830b605cab24,
        type: 3}
      propertyPath: m_LocalPosition.z
      value: -4.6804094
      objectReference: {fileID: 0}
    - target: {fileID: 6966201062925383202, guid: 28f7d74aeec55274d988830b605cab24,
        type: 3}
      propertyPath: m_LocalRotation.w
      value: 0.7286478
      objectReference: {fileID: 0}
    - target: {fileID: 6966201062925383202, guid: 28f7d74aeec55274d988830b605cab24,
        type: 3}
      propertyPath: m_LocalRotation.x
      value: -0
      objectReference: {fileID: 0}
    - target: {fileID: 6966201062925383202, guid: 28f7d74aeec55274d988830b605cab24,
        type: 3}
      propertyPath: m_LocalRotation.y
      value: 0.6848886
      objectReference: {fileID: 0}
    - target: {fileID: 6966201062925383202, guid: 28f7d74aeec55274d988830b605cab24,
        type: 3}
      propertyPath: m_LocalRotation.z
      value: -0
      objectReference: {fileID: 0}
    - target: {fileID: 6966201062925383202, guid: 28f7d74aeec55274d988830b605cab24,
        type: 3}
      propertyPath: m_LocalEulerAnglesHint.x
      value: 0
      objectReference: {fileID: 0}
    - target: {fileID: 6966201062925383202, guid: 28f7d74aeec55274d988830b605cab24,
        type: 3}
      propertyPath: m_LocalEulerAnglesHint.y
      value: 86.454
      objectReference: {fileID: 0}
    - target: {fileID: 6966201062925383202, guid: 28f7d74aeec55274d988830b605cab24,
        type: 3}
      propertyPath: m_LocalEulerAnglesHint.z
      value: 0
      objectReference: {fileID: 0}
    - target: {fileID: 6966201062925383213, guid: 28f7d74aeec55274d988830b605cab24,
        type: 3}
      propertyPath: m_Name
      value: PlayerVisual
      objectReference: {fileID: 0}
    m_RemovedComponents: []
  m_SourcePrefab: {fileID: 100100000, guid: 28f7d74aeec55274d988830b605cab24, type: 3}
--- !u!4 &5516371573237969680 stripped
Transform:
  m_CorrespondingSourceObject: {fileID: 6966201062925383202, guid: 28f7d74aeec55274d988830b605cab24,
    type: 3}
  m_PrefabInstance: {fileID: 3180381695768839474}
  m_PrefabAsset: {fileID: 0}
--- !u!1001 &3180381695896368139
PrefabInstance:
  m_ObjectHideFlags: 0
  serializedVersion: 2
  m_Modification:
    m_TransformParent: {fileID: 3180381695059204888}
    m_Modifications:
    - target: {fileID: 3857423632068963942, guid: 2ce66509f9f0e664697787e2f7f579d4,
        type: 3}
      propertyPath: m_Name
      value: PlayerSelectionCanvas
      objectReference: {fileID: 0}
    - target: {fileID: 3857423632068963946, guid: 2ce66509f9f0e664697787e2f7f579d4,
        type: 3}
      propertyPath: m_Pivot.x
      value: 0
      objectReference: {fileID: 0}
    - target: {fileID: 3857423632068963946, guid: 2ce66509f9f0e664697787e2f7f579d4,
        type: 3}
      propertyPath: m_Pivot.y
      value: 0
      objectReference: {fileID: 0}
    - target: {fileID: 3857423632068963946, guid: 2ce66509f9f0e664697787e2f7f579d4,
        type: 3}
      propertyPath: m_RootOrder
      value: 1
      objectReference: {fileID: 0}
    - target: {fileID: 3857423632068963946, guid: 2ce66509f9f0e664697787e2f7f579d4,
        type: 3}
      propertyPath: m_AnchorMax.x
      value: 0
      objectReference: {fileID: 0}
    - target: {fileID: 3857423632068963946, guid: 2ce66509f9f0e664697787e2f7f579d4,
        type: 3}
      propertyPath: m_AnchorMax.y
      value: 0
      objectReference: {fileID: 0}
    - target: {fileID: 3857423632068963946, guid: 2ce66509f9f0e664697787e2f7f579d4,
        type: 3}
      propertyPath: m_AnchorMin.x
      value: 0
      objectReference: {fileID: 0}
    - target: {fileID: 3857423632068963946, guid: 2ce66509f9f0e664697787e2f7f579d4,
        type: 3}
      propertyPath: m_AnchorMin.y
      value: 0
      objectReference: {fileID: 0}
    - target: {fileID: 3857423632068963946, guid: 2ce66509f9f0e664697787e2f7f579d4,
        type: 3}
      propertyPath: m_SizeDelta.x
      value: 0
      objectReference: {fileID: 0}
    - target: {fileID: 3857423632068963946, guid: 2ce66509f9f0e664697787e2f7f579d4,
        type: 3}
      propertyPath: m_SizeDelta.y
      value: 0
      objectReference: {fileID: 0}
    - target: {fileID: 3857423632068963946, guid: 2ce66509f9f0e664697787e2f7f579d4,
        type: 3}
      propertyPath: m_LocalPosition.x
      value: 0
      objectReference: {fileID: 0}
    - target: {fileID: 3857423632068963946, guid: 2ce66509f9f0e664697787e2f7f579d4,
        type: 3}
      propertyPath: m_LocalPosition.y
      value: 0
      objectReference: {fileID: 0}
    - target: {fileID: 3857423632068963946, guid: 2ce66509f9f0e664697787e2f7f579d4,
        type: 3}
      propertyPath: m_LocalPosition.z
      value: 0
      objectReference: {fileID: 0}
    - target: {fileID: 3857423632068963946, guid: 2ce66509f9f0e664697787e2f7f579d4,
        type: 3}
      propertyPath: m_LocalRotation.w
      value: 1
      objectReference: {fileID: 0}
    - target: {fileID: 3857423632068963946, guid: 2ce66509f9f0e664697787e2f7f579d4,
        type: 3}
      propertyPath: m_LocalRotation.x
      value: 0
      objectReference: {fileID: 0}
    - target: {fileID: 3857423632068963946, guid: 2ce66509f9f0e664697787e2f7f579d4,
        type: 3}
      propertyPath: m_LocalRotation.y
      value: 0
      objectReference: {fileID: 0}
    - target: {fileID: 3857423632068963946, guid: 2ce66509f9f0e664697787e2f7f579d4,
        type: 3}
      propertyPath: m_LocalRotation.z
      value: 0
      objectReference: {fileID: 0}
    - target: {fileID: 3857423632068963946, guid: 2ce66509f9f0e664697787e2f7f579d4,
        type: 3}
      propertyPath: m_AnchoredPosition.x
      value: 0
      objectReference: {fileID: 0}
    - target: {fileID: 3857423632068963946, guid: 2ce66509f9f0e664697787e2f7f579d4,
        type: 3}
      propertyPath: m_AnchoredPosition.y
      value: 0
      objectReference: {fileID: 0}
    - target: {fileID: 3857423632068963946, guid: 2ce66509f9f0e664697787e2f7f579d4,
        type: 3}
      propertyPath: m_LocalEulerAnglesHint.x
      value: 0
      objectReference: {fileID: 0}
    - target: {fileID: 3857423632068963946, guid: 2ce66509f9f0e664697787e2f7f579d4,
        type: 3}
      propertyPath: m_LocalEulerAnglesHint.y
      value: 0
      objectReference: {fileID: 0}
    - target: {fileID: 3857423632068963946, guid: 2ce66509f9f0e664697787e2f7f579d4,
        type: 3}
      propertyPath: m_LocalEulerAnglesHint.z
      value: 0
      objectReference: {fileID: 0}
    - target: {fileID: 3857423632068963948, guid: 2ce66509f9f0e664697787e2f7f579d4,
        type: 3}
      propertyPath: physicalMenu
      value: 
      objectReference: {fileID: 3180381696416986730}
    m_RemovedComponents: []
  m_SourcePrefab: {fileID: 100100000, guid: 2ce66509f9f0e664697787e2f7f579d4, type: 3}
--- !u!95 &348236094204539097 stripped
Animator:
  m_CorrespondingSourceObject: {fileID: 2952059719743259858, guid: 2ce66509f9f0e664697787e2f7f579d4,
    type: 3}
  m_PrefabInstance: {fileID: 3180381695896368139}
  m_PrefabAsset: {fileID: 0}
--- !u!224 &1849482007770585697 stripped
RectTransform:
  m_CorrespondingSourceObject: {fileID: 3857423632068963946, guid: 2ce66509f9f0e664697787e2f7f579d4,
    type: 3}
  m_PrefabInstance: {fileID: 3180381695896368139}
  m_PrefabAsset: {fileID: 0}
--- !u!1001 &3180381696432767276
PrefabInstance:
  m_ObjectHideFlags: 0
  serializedVersion: 2
  m_Modification:
    m_TransformParent: {fileID: 3180381696416986729}
    m_Modifications:
    - target: {fileID: 929963405787171993, guid: 811a11bd2847d8541b39b61394019661,
        type: 3}
      propertyPath: m_RootOrder
      value: 8
      objectReference: {fileID: 0}
    - target: {fileID: 929963405787171993, guid: 811a11bd2847d8541b39b61394019661,
        type: 3}
      propertyPath: m_LocalScale.x
      value: 0.29999998
      objectReference: {fileID: 0}
    - target: {fileID: 929963405787171993, guid: 811a11bd2847d8541b39b61394019661,
        type: 3}
      propertyPath: m_LocalScale.y
      value: 0.3
      objectReference: {fileID: 0}
    - target: {fileID: 929963405787171993, guid: 811a11bd2847d8541b39b61394019661,
        type: 3}
      propertyPath: m_LocalScale.z
      value: 0.29999998
      objectReference: {fileID: 0}
    - target: {fileID: 929963405787171993, guid: 811a11bd2847d8541b39b61394019661,
        type: 3}
      propertyPath: m_LocalPosition.x
      value: 6.4967012
      objectReference: {fileID: 0}
    - target: {fileID: 929963405787171993, guid: 811a11bd2847d8541b39b61394019661,
        type: 3}
      propertyPath: m_LocalPosition.y
      value: 8.667941
      objectReference: {fileID: 0}
    - target: {fileID: 929963405787171993, guid: 811a11bd2847d8541b39b61394019661,
        type: 3}
      propertyPath: m_LocalPosition.z
      value: -3.1731787
      objectReference: {fileID: 0}
    - target: {fileID: 929963405787171993, guid: 811a11bd2847d8541b39b61394019661,
        type: 3}
      propertyPath: m_LocalRotation.w
      value: 0.30992076
      objectReference: {fileID: 0}
    - target: {fileID: 929963405787171993, guid: 811a11bd2847d8541b39b61394019661,
        type: 3}
      propertyPath: m_LocalRotation.x
      value: -0
      objectReference: {fileID: 0}
    - target: {fileID: 929963405787171993, guid: 811a11bd2847d8541b39b61394019661,
        type: 3}
      propertyPath: m_LocalRotation.y
      value: -0.9507624
      objectReference: {fileID: 0}
    - target: {fileID: 929963405787171993, guid: 811a11bd2847d8541b39b61394019661,
        type: 3}
      propertyPath: m_LocalRotation.z
      value: -0
      objectReference: {fileID: 0}
    - target: {fileID: 929963405787171993, guid: 811a11bd2847d8541b39b61394019661,
        type: 3}
      propertyPath: m_LocalEulerAnglesHint.x
      value: 0
      objectReference: {fileID: 0}
    - target: {fileID: 929963405787171993, guid: 811a11bd2847d8541b39b61394019661,
        type: 3}
      propertyPath: m_LocalEulerAnglesHint.y
      value: -143.891
      objectReference: {fileID: 0}
    - target: {fileID: 929963405787171993, guid: 811a11bd2847d8541b39b61394019661,
        type: 3}
      propertyPath: m_LocalEulerAnglesHint.z
      value: 0
      objectReference: {fileID: 0}
    - target: {fileID: 929963405787171998, guid: 811a11bd2847d8541b39b61394019661,
        type: 3}
      propertyPath: m_Name
      value: Box (3)
      objectReference: {fileID: 0}
    m_RemovedComponents: []
  m_SourcePrefab: {fileID: 100100000, guid: 811a11bd2847d8541b39b61394019661, type: 3}
--- !u!4 &2361320548430581173 stripped
Transform:
  m_CorrespondingSourceObject: {fileID: 929963405787171993, guid: 811a11bd2847d8541b39b61394019661,
    type: 3}
  m_PrefabInstance: {fileID: 3180381696432767276}
  m_PrefabAsset: {fileID: 0}
--- !u!1001 &3180381696640757511
PrefabInstance:
  m_ObjectHideFlags: 0
  serializedVersion: 2
  m_Modification:
    m_TransformParent: {fileID: 3180381696416986729}
    m_Modifications:
    - target: {fileID: 929963405787171993, guid: 811a11bd2847d8541b39b61394019661,
        type: 3}
      propertyPath: m_RootOrder
      value: 1
      objectReference: {fileID: 0}
    - target: {fileID: 929963405787171993, guid: 811a11bd2847d8541b39b61394019661,
        type: 3}
      propertyPath: m_LocalScale.x
      value: 0.8
      objectReference: {fileID: 0}
    - target: {fileID: 929963405787171993, guid: 811a11bd2847d8541b39b61394019661,
        type: 3}
      propertyPath: m_LocalScale.y
      value: 0.8
      objectReference: {fileID: 0}
    - target: {fileID: 929963405787171993, guid: 811a11bd2847d8541b39b61394019661,
        type: 3}
      propertyPath: m_LocalScale.z
      value: 0.8
      objectReference: {fileID: 0}
    - target: {fileID: 929963405787171993, guid: 811a11bd2847d8541b39b61394019661,
        type: 3}
      propertyPath: m_LocalPosition.x
      value: 6.374701
      objectReference: {fileID: 0}
    - target: {fileID: 929963405787171993, guid: 811a11bd2847d8541b39b61394019661,
        type: 3}
      propertyPath: m_LocalPosition.y
      value: 8.089941
      objectReference: {fileID: 0}
    - target: {fileID: 929963405787171993, guid: 811a11bd2847d8541b39b61394019661,
        type: 3}
      propertyPath: m_LocalPosition.z
      value: -3.0801785
      objectReference: {fileID: 0}
    - target: {fileID: 929963405787171993, guid: 811a11bd2847d8541b39b61394019661,
        type: 3}
      propertyPath: m_LocalRotation.w
      value: 0.99999505
      objectReference: {fileID: 0}
    - target: {fileID: 929963405787171993, guid: 811a11bd2847d8541b39b61394019661,
        type: 3}
      propertyPath: m_LocalRotation.x
      value: -0
      objectReference: {fileID: 0}
    - target: {fileID: 929963405787171993, guid: 811a11bd2847d8541b39b61394019661,
        type: 3}
      propertyPath: m_LocalRotation.y
      value: -0.0031548233
      objectReference: {fileID: 0}
    - target: {fileID: 929963405787171993, guid: 811a11bd2847d8541b39b61394019661,
        type: 3}
      propertyPath: m_LocalRotation.z
      value: -0
      objectReference: {fileID: 0}
    - target: {fileID: 929963405787171993, guid: 811a11bd2847d8541b39b61394019661,
        type: 3}
      propertyPath: m_LocalEulerAnglesHint.x
      value: 0
      objectReference: {fileID: 0}
    - target: {fileID: 929963405787171993, guid: 811a11bd2847d8541b39b61394019661,
        type: 3}
      propertyPath: m_LocalEulerAnglesHint.y
      value: -0.362
      objectReference: {fileID: 0}
    - target: {fileID: 929963405787171993, guid: 811a11bd2847d8541b39b61394019661,
        type: 3}
      propertyPath: m_LocalEulerAnglesHint.z
      value: 0
      objectReference: {fileID: 0}
    - target: {fileID: 929963405787171998, guid: 811a11bd2847d8541b39b61394019661,
        type: 3}
      propertyPath: m_Name
      value: Box
      objectReference: {fileID: 0}
    m_RemovedComponents: []
  m_SourcePrefab: {fileID: 100100000, guid: 811a11bd2847d8541b39b61394019661, type: 3}
--- !u!4 &2361320548369408926 stripped
Transform:
  m_CorrespondingSourceObject: {fileID: 929963405787171993, guid: 811a11bd2847d8541b39b61394019661,
    type: 3}
  m_PrefabInstance: {fileID: 3180381696640757511}
  m_PrefabAsset: {fileID: 0}
--- !u!1001 &3180381696649913075
PrefabInstance:
  m_ObjectHideFlags: 0
  serializedVersion: 2
  m_Modification:
    m_TransformParent: {fileID: 3180381696416986729}
    m_Modifications:
    - target: {fileID: 432491026169137776, guid: 8fe2b9419a1bd3c41aef3b7c6b3469c4,
        type: 3}
      propertyPath: m_Enabled
      value: 0
      objectReference: {fileID: 0}
    - target: {fileID: 3580185638979503575, guid: 8fe2b9419a1bd3c41aef3b7c6b3469c4,
        type: 3}
      propertyPath: m_RootOrder
      value: 0
      objectReference: {fileID: 0}
    - target: {fileID: 3580185638979503575, guid: 8fe2b9419a1bd3c41aef3b7c6b3469c4,
        type: 3}
      propertyPath: m_LocalScale.x
      value: 0.5
      objectReference: {fileID: 0}
    - target: {fileID: 3580185638979503575, guid: 8fe2b9419a1bd3c41aef3b7c6b3469c4,
        type: 3}
      propertyPath: m_LocalScale.y
      value: 0.5
      objectReference: {fileID: 0}
    - target: {fileID: 3580185638979503575, guid: 8fe2b9419a1bd3c41aef3b7c6b3469c4,
        type: 3}
      propertyPath: m_LocalScale.z
      value: 0.5
      objectReference: {fileID: 0}
    - target: {fileID: 3580185638979503575, guid: 8fe2b9419a1bd3c41aef3b7c6b3469c4,
        type: 3}
      propertyPath: m_LocalPosition.x
      value: 4.192701
      objectReference: {fileID: 0}
    - target: {fileID: 3580185638979503575, guid: 8fe2b9419a1bd3c41aef3b7c6b3469c4,
        type: 3}
      propertyPath: m_LocalPosition.y
      value: 7.6989408
      objectReference: {fileID: 0}
    - target: {fileID: 3580185638979503575, guid: 8fe2b9419a1bd3c41aef3b7c6b3469c4,
        type: 3}
      propertyPath: m_LocalPosition.z
      value: -2.1721787
      objectReference: {fileID: 0}
    - target: {fileID: 3580185638979503575, guid: 8fe2b9419a1bd3c41aef3b7c6b3469c4,
        type: 3}
      propertyPath: m_LocalRotation.w
      value: 1
      objectReference: {fileID: 0}
    - target: {fileID: 3580185638979503575, guid: 8fe2b9419a1bd3c41aef3b7c6b3469c4,
        type: 3}
      propertyPath: m_LocalRotation.x
      value: -0
      objectReference: {fileID: 0}
    - target: {fileID: 3580185638979503575, guid: 8fe2b9419a1bd3c41aef3b7c6b3469c4,
        type: 3}
      propertyPath: m_LocalRotation.y
      value: -0
      objectReference: {fileID: 0}
    - target: {fileID: 3580185638979503575, guid: 8fe2b9419a1bd3c41aef3b7c6b3469c4,
        type: 3}
      propertyPath: m_LocalRotation.z
      value: -0
      objectReference: {fileID: 0}
    - target: {fileID: 3580185638979503575, guid: 8fe2b9419a1bd3c41aef3b7c6b3469c4,
        type: 3}
      propertyPath: m_LocalEulerAnglesHint.x
      value: 0
      objectReference: {fileID: 0}
    - target: {fileID: 3580185638979503575, guid: 8fe2b9419a1bd3c41aef3b7c6b3469c4,
        type: 3}
      propertyPath: m_LocalEulerAnglesHint.y
      value: 0
      objectReference: {fileID: 0}
    - target: {fileID: 3580185638979503575, guid: 8fe2b9419a1bd3c41aef3b7c6b3469c4,
        type: 3}
      propertyPath: m_LocalEulerAnglesHint.z
      value: 0
      objectReference: {fileID: 0}
    - target: {fileID: 4243674469281062765, guid: 8fe2b9419a1bd3c41aef3b7c6b3469c4,
        type: 3}
      propertyPath: m_Name
      value: DZ0
      objectReference: {fileID: 0}
    m_RemovedComponents:
    - {fileID: 432491026169137779, guid: 8fe2b9419a1bd3c41aef3b7c6b3469c4, type: 3}
  m_SourcePrefab: {fileID: 100100000, guid: 8fe2b9419a1bd3c41aef3b7c6b3469c4, type: 3}
--- !u!4 &2129538053921629988 stripped
Transform:
  m_CorrespondingSourceObject: {fileID: 3580185638979503575, guid: 8fe2b9419a1bd3c41aef3b7c6b3469c4,
    type: 3}
  m_PrefabInstance: {fileID: 3180381696649913075}
  m_PrefabAsset: {fileID: 0}
